 Dungeon Crawl Stone Soup version 0.32-a0-931-g5a2cda0630 (webtiles) character file.

Game seed: 5272397345457044155

678 laial the Cutter (level 7, 0/36 HPs)
             Began as a Vine Stalker Brigand on Apr 12, 2024.
             Slain by a gnoll
             ... wielding a +0 whip
             ... led by a gnoll bouda
              (3 damage)
             ... on level 5 of the Dungeon on Apr 13, 2024.
             The game lasted 00:10:16 (3778 turns).

laial the Cutter (Vine Stalker Brigand)             Turns: 3778, Time: 00:10:17

Health: 0/36       AC:  3    Str: 13    XL:     7   Next: 60%
Magic:  0/8        EV: 16    Int: 11    God:
Gold:   218        SH:  0    Dex: 18    Spells: 6/6 levels left

rFire   . . .        a - +3 dagger
rCold   . . .        (no shield)
rNeg    . . .        b - +0 robe
rPois   .            (no helmet)
rElec   .            c - +0 cloak
rCorr   .            (no gloves)
SInv    .            (no boots)
Will    .....        (no amulet)
Stlth   +++          u - +5 ring of evasion
HPRegen 1.06/turn    l - ring of flight
MPRegen 0.11/turn

%: guardian spirit
@: flying
A: fangs 2, regeneration 1, magic shield, antimagic bite, no potion heal 2,
hooves 1, sturdy frame 1
a: no special abilities


You were on level 5 of the Dungeon.
You visited 2 branches of the dungeon, and saw 6 of its levels.

You collected 218 gold pieces.

Inventory:

Hand Weapons
 a - a +3 dagger (weapon)
 j - a +0 dagger of holy wrath
Missiles
 d - 19 poisoned darts (quivered)
 e - 3 curare-tipped darts
Armour
 b - a +0 robe (worn)
 c - a +0 cloak (worn)
 m - the +1 leather armour of Naugguec {rCorr Int+2 Dex+2}
   (You found it on level 2 of the Dungeon)

   Int+2:     It affects your intelligence (+2).
   Dex+2:     It affects your dexterity (+2).
   rCorr:     It protects you from acid and corrosion.
 p - a +0 buckler
Jewellery
 i - a ring of wizardry
 l - a ring of flight (right hand)
 u - a +5 ring of evasion (left hand)
Wands
 n - a wand of roots (20)
Scrolls
 g - 3 scrolls of amnesia
Potions
 f - 4 potions of curing
 k - 2 potions of enlightenment
 q - a potion of brilliance
 r - a potion of magic {unknown}
 s - a potion of mutation


   Skills:
 - Level 3.0 Fighting
 + Level 6.7 Short Blades
 - Level 1.7 Throwing
 + Level 1.5 Dodging
 - Level 5.4 Stealth


You had 6 spell levels left.
You didn't know any spells.
Your spell library contained the following spells:

 Spells                   Type           Power      Damage    Failure   Level
 Sigil of Binding         Hex            0%         N/A       71%         3
 Death Channel            Necr           0%         N/A       100%        6
 Sculpt Simulacrum        Ice/Alch       0%         N/A       100%        6


Dungeon Overview and Level Annotations

Branches:
Dungeon (5/15)             Temple (1/1) D:4

Altars:
Ashenzari
Cheibriados
Fedhas
Gozag
Hepliaklqana
Kikubaaqudgha
Makhleb
Nemelex Xobeh
Qazlal
Ru
Sif Muna
Trog
Uskayaw
Vehumet
Wu Jian
Xom
Yredelemnul
Zin
The Shining One


Innate Abilities, Weirdness & Mutations

You have extremely sharp teeth.
Your natural rate of healing is unusually fast.
When hurt, damage is shared between your health and your magic reserves.
Your bite disrupts and absorbs the magic of your enemies.
Potions cannot restore your health.
You have large cloven feet.
Your movements are slightly less encumbered by armour. (ER -2)


Message History

The gnoll is heavily wounded.
The gnoll hits you from afar with a +0 spear.
The gnoll hits you but does no damage.
You are too injured to fight recklessly!
You are too injured to fight recklessly!
You hit the gnoll.
The gnoll is severely wounded.
The gnoll misses you. The gnoll closely misses you.
You hit the gnoll.
You kill the gnoll!
The gnoll hits you with a +0 whip.
You hit the gnoll.
The gnoll is moderately wounded.
The gnoll barely misses you.
You barely miss the gnoll. Your bite misses the gnoll.
The gnoll is moderately wounded.
The gnoll completely misses you.
The gnoll hits you from afar with a +0 spear.
* * * LOW HITPOINT WARNING * * *
You barely miss the gnoll. You bite the gnoll. You drain its power.
You feel invigorated.
The gnoll is heavily wounded.
The gnoll misses you.
You hit the gnoll.
The gnoll is heavily wounded.
The gnoll hits you but does no damage.
You hit the gnoll but do no damage.
The gnoll is heavily wounded.
The gnoll hits you with a +0 whip!
* * * LOW HITPOINT WARNING * * *
The gnoll hits you from afar with a +0 spear.
* * * LOW HITPOINT WARNING * * *
It was a potion of mutation.
You feel extremely strange.
You feel less encumbered by your armour.
Your feet thicken and deform.
The gnoll closely misses you. The gnoll barely misses you.
Okay, then.
The gnoll is no longer moving quickly.
The gnoll attacks as it pursues you! The gnoll hits you with a +0 whip.
You die...

############ ##
#..........#############
.###.##..)....#...#..(....#
..............#..))g......#
####.####.....'.@g#.......#
#....# #.....#...#.......#
#....## #.....#...##'#######
#.....###.#########.)......#
...._......# #........#
###.....#..# #........#
##....#..+ #........#
#....#..# #........#
#.####..# #........#


You could see 2 gnolls.

Vanquished Creatures
  A black bear (D:4)
  2 ogres
  A phantom (D:4)
  A bombardier beetle (D:3)
  A howler monkey (D:4)
  A jelly (D:4)
  A gnoll bouda (D:5)
  Ijyb (D:3)
  An iguana (D:5)
  3 gnolls (D:5)
  6 adders
  3 dart slugs
  2 ribbon worms
  An orc (D:4)
  5 ball pythons
  7 bats
  6 endoplasms
  A giant cockroach (D:2)
  10 goblins
  3 hobgoblins
  A jackal (D:3)
  3 quokkas
  6 frilled lizards
  6 kobolds
  5 rats
78 creatures vanquished.

Notes
Turn   | Place    | Note
-------+----------+-------------------------------------------
     0 | D:1      | laial the Vine Stalker Brigand began the quest for the Orb.
     0 | D:1      | Reached XP level 1. HP: 11/11 MP: 2/2
    33 | D:1      | Reached skill level 2 in Short Blades
   156 | D:1      | Reached XP level 2. HP: 15/15 MP: 3/3
   963 | D:2      | Reached XP level 3. HP: 18/18 MP: 4/4
  1090 | D:2      | Identified the +1 leather armour of Naugguec {rCorr Int+2
                  | Dex+2}
  1178 | D:2      | Reached skill level 3 in Short Blades
  1809 | D:3      | Reached XP level 4. HP: 20/23 MP: 3/5
  2116 | D:3      | Noticed Ijyb
  2131 | D:3      | Killed Ijyb
  2132 | D:3      | Reached skill level 4 in Short Blades
  2132 | D:3      | Reached XP level 5. HP: 23/28 MP: 2/6
  2516 | D:3      | Found a faded altar of an unknown god.
  2671 | D:3      | Upgraded the game from 0.32-a0-921-g04a7ad8e02 to
                  | 0.32-a0-931-g5a2cda0630
  2769 | D:4      | Reached skill level 1 in Dodging
  2818 | D:4      | Found a staircase to the Ecumenical Temple.
  2827 | Temple   | Entered the Ecumenical Temple
  2973 | D:4      | Noticed a black bear
  2984 | D:4      | Killed a black bear
  2985 | D:4      | Reached skill level 5 in Stealth
  2985 | D:4      | Reached XP level 6. HP: 32/32 MP: 7/7
  3005 | D:4      | Reached skill level 5 in Short Blades
  3126 | D:4      | Reached XP level 7. HP: 36/36 MP: 6/8
  3188 | D:4      | Found a glowing golden altar of the Shining One.
  3190 | D:4      | Noticed an angel
  3195 | D:4      | Found a basalt altar of Yredelemnul.
  3197 | D:4      | Noticed a profane servitor
  3474 | D:4      | Reached skill level 6 in Short Blades
  3570 | D:5      | Entered Level 5 of the Dungeon
  3609 | D:5      | Found a blossoming altar of Fedhas.
  3776 | D:5      | HP: 1/36 [gnoll/+0 spear[a gnoll bouda] (3)]
  3777 | D:5      | Gained mutation: Your movements are slightly less
                  | encumbered by armour. (ER -2) [potion of mutation]
  3777 | D:5      | Gained mutation: You have large cloven feet. [potion of
                  | mutation]
  3778 | D:5      | Slain by a gnoll

Illustrated notes

Levels and vault maps discovered:
D:1:      wheals_arrival_linesprint, layout_loops_cross,
          ebering_dispersal_statue_hall
D:2:      layout_basic, chequers_decorated_corner, nicolae_titane
D:3:      minmay_chambers_of_twos, layout_loops_ring,
          ebering_ecumenical_altar_petrified, chequers_serial_rivers_large_b,
          uniq_ijyb
D:4:      wad_crossroads, layout_loops_cross, grunt_temple_overflow_holy_war,
          minmay_temple_entry_gardened_gates
D:5:      layout_gridville, nicolae_overflow_crystal_walls,
          chequers_serial_rivers_small_b, dk_noncrumbling_2, uniq_duvessa,
          uniq_menkaure, uniq_grinder, uniq_eustachio
Temple:   regret_index_temple_sphere_string

Skill      XL: |  1  2  3  4  5  6  7 |
---------------+----------------------+-----
Short Blades   | 2 3 4 5 6 |  6.7
Fighting       | 2 3 |  3.0
Dodging        | 1 |  1.5
Stealth        | 5 |  5.4
Throwing       | |  1.7

Action                     |  1- 3 |  4- 6 |  7- 9 || total
---------------------------+-------+-------+-------++-------
  Melee: Dagger            |    70 |    91 |    60 ||   221
         Bite              |    16 |    24 |    21 ||    61
  Throw: Dart              |    12 |    16 |     8 ||    36
    Use: Scroll            |     2 |       |     5 ||     7
         Potion            |       |       |     1 ||     1
   Stab: Sleeping          |     8 |     6 |     2 ||    16
 Armour: Robe              |    42 |    47 |    26 ||   115
  Dodge: Dodged            |    31 |    33 |    27 ||    91

Table legend: (Time is in decaauts)
 A = Elapsed time spent in this place.
 B = Non-inter-level travel time spent in this place.
 C = Inter-level travel time spent in this place.
 D = Time resting spent in this place.
 E = Time spent auto-exploring this place.
 F = Levels seen in this place.
 G = Mean time per level.
                   A        B        C        D        E       F      G
               +--------+--------+--------+--------+--------+-----+--------+
         Total |   3726 |   3360 |    366 |    108 |   2685 |   6 |  621.0 |
       Dungeon |   3675 |   3358 |    317 |    108 |   2685 |   5 |  735.0 |
        Temple |     51 |      2 |     49 |      0 |      0 |   1 |   51.0 |
               +--------+--------+--------+--------+--------+-----+--------+

Top non-repeatable levels by time:
     D:3: 915 daAuts
     D:2: 911 daAuts
     D:1: 848 daAuts
     D:4: 817 daAuts
     D:5: 181 daAuts
  Temple: 51 daAuts
